 Seeded DCSS version 0.29.1-2-gbd0b4ee654 (webtiles) character file.

Game seed: 80085 (custom seed)

6 jamestheduck25 the Grave Robber (level 1, 8/13 HPs)
             Began as a Vampire Necromancer on Nov 15, 2022.
             Quit the game on level 1 of the Dungeon.
             The game lasted 00:00:51 (152 turns).

jamestheduck25 the Grave Robber (VpNe)               Turns: 152, Time: 00:00:51

Health: 8/13       AC:  2    Str:  7    XL:     1   Next: 75%
Magic:  2/3        EV: 12    Int: 17    God:
Gold:   0          SH:  0    Dex: 14    Spells: 3/4 levels left

rFire   . . .      SeeInvis +   (no weapon)
rCold   . . .      Faith    .   (no shield)
rNeg    . . .      Spirit   .   a - +0 robe
rPois   .          Reflect  .   (no helmet)
rElec   .          Harm     .   (no cloak)
rCorr   .          Rampage  .   (no gloves)
Will    .....                   (no boots)
Stlth   ++........              (no amulet)
HPRegen 0.24/turn               (no ring)
MPRegen 0.08/turn               (no ring)

@: healing quickly
A: alive, fangs 3, see invisible, vampiric 1
a: Exsanguinate


You were on level 1 of the Dungeon.
You visited 1 branch of the dungeon, and saw 1 of its levels.

Inventory:

Armour
 a - a +0 robe (worn)
Jewellery
 c - a +4 ring of evasion
Potions
 b - a potion of magic


   Skills:
 + Level 2.3 Dodging
 + Level 3.2 Stealth
 + Level 2.1 Spellcasting
 + Level 4.5 Necromancy


You had 3 spell levels left.
You knew the following spells:

 Your Spells              Type           Power      Damage    Failure   Level
a - Necrotise             Necr           68%        1d7       3%          1

Your spell library contained the following spells:

 Spells                   Type           Power      Damage    Failure   Level
 Vampiric Draining        Necr           17%        2d7       9%          3
 Animate Dead             Necr           17%        N/A       30%         4
 Agony                    Necr           17%        N/A       63%         5


Dungeon Overview and Level Annotations

Branches:
Dungeon (1/15)

Altars:


Innate Abilities, Weirdness & Mutations

Your natural rate of healing is accelerated.
You have razor-sharp teeth.
You have supernaturally acute eyesight. (SInv)
You are afflicted with vampirism.


Message History

A dart slug is nearby!
The dart slug writhes in agony.
You kill the dart slug!
c - a +4 ring of evasion You open the door.
There is an open door here.
A kobold comes into view. It is wielding a +0 whip.
A goblin comes into view. It is wielding a +0 club.
The kobold barely misses you.
You miss the kobold. The kobold barely misses you.
The kobold writhes in agony.
You kill the kobold!
The dead are walking!
You enter the shallow water.
Moving in this stuff is going to be slow.
You closely miss the goblin. You bite the goblin.
The goblin is heavily wounded.
The goblin hits you with a +0 club.
You hit the goblin.
The goblin is severely wounded.
The goblin misses you.
Your kobold skeleton barely misses the goblin.
You hit the goblin.
The goblin is severely wounded.
The goblin hits you with a +0 club.
You closely miss the goblin.
The goblin is severely wounded.
Your kobold skeleton closely misses the goblin.
The goblin hits you with a +0 club.
You hit the goblin but do no damage. You bite the goblin.
You kill the goblin!
No target in view!
No target in view!
No target in view!
Unknown command.
Saving game... please wait.
Welcome back, jamestheduck25 the Vampire Necromancer.
Game seed: 80085 (custom seed) Press ? for a list of commands and other information.
Are you sure you want to abandon this character and quit the game? (Confirm with "yes".)

.###......#....# #..# .#
#......#....####..# .#
#......#..........# .#
#......##+#######.# ###
.# #......##
#.###.#....# .#
######.##.###..........#
.# .....~....#.##...# .#
....~...~)~........ .#
~..~.~Z@.~~..#####.
~~.≈~~~).~~≈≈≈#
~.~~~~~≈~~~≈≈≈≈≈
~.~........~.####
.....~.........
################


You could see a friendly kobold skeleton.

Vanquished Creatures
  A dart slug (D:1)
  A goblin (D:1)
  A quokka (D:1)
  A kobold (D:1)
4 creatures vanquished.

Notes
Turn   | Place    | Note
-------+----------+-------------------------------------------
     0 | D:1      | jamestheduck25 the Vampire Necromancer began the quest for
                  | the Orb.
     0 | D:1      | Reached XP level 1. HP: 13/13 MP: 3/3
   152 | D:1      | Quit the game

Illustrated notes

Levels and vault maps discovered:
D:1:      sevenhm_arrival_forest_fort_small_3, layout_basic,
          wad_floor_pattern_2, chequers_serial_rivers_small_3

Action                   || total
-------------------------++-------
Melee: Unarmed           ||     6
       Bite              ||     2
 Cast: Necrotise         ||     6
Dodge: Dodged            ||     3
